 Dungeon Crawl Stone Soup version 0.23.2-33-g5129a83184 (webtiles) character file.

Game seed: 4494076702188235475

110 DorianNounverber the Magician (level 4, -1/24 HPs)
             Began as a Deep Elf Wizard on July 11, 2019.
             Slain by a hound (4 damage)
             ... on level 3 of the Dungeon.
             The game lasted 00:14:00 (2907 turns).

DorianNounverber the Magician (Deep Elf Wizard)     Turns: 2907, Time: 00:14:01

Health: -1/24      AC:  2    Str:  4    XL:     4   Next: 61%
Magic:  1/14       EV: 13    Int: 24    God:
Gold:   192        SH:  6    Dex: 13    Spells: 4/15 levels left

rFire    + . .     SeeInvis .   D - +1 dagger (venom)
rCold    . . .     Gourm    .   (no shield)
rNeg     . . .     Faith    .   n - +0 robe
rPois    .         Spirit   .   b - +0 hat
rElec    .         Reflect  +   (no cloak)
rCorr    .         Harm     .   (no gloves)
MR       +....                  (no boots)
Stlth    ++........             i - +6 amulet of reflection
HPRegen  0.08/turn              e - ring of protection from magic
MPRegen  0.14/turn              o - ring of protection from fire

@: no status effects
A: no striking features
a: no special abilities


You were on level 3 of the Dungeon.
You were not hungry.

You visited 1 branch of the dungeon, and saw 4 of its levels.

You collected 192 gold pieces.

Inventory:

Hand Weapons
 D - a +1 dagger of venom (weapon)
Armour
 a - a +0 robe
 b - a +0 hat (worn)
 n - a +0 robe (worn)
 r - a +0 shield
Jewellery
 e - a ring of protection from magic (left hand)
 f - an uncursed ring of stealth
 i - a +6 amulet of reflection (around neck)
 o - a ring of protection from fire (right hand)
 t - an uncursed amulet of regeneration
 v - an uncursed amulet of faith
Wands
 q - a wand of paralysis (11)
 w - a wand of disintegration (13)
 A - a wand of iceblast (5)
Scrolls
 d - a scroll of fog {unknown}
 g - 3 scrolls of remove curse {unknown}
 h - 2 scrolls of identify {unknown}
 k - a scroll of blinking {unknown}
 p - a scroll of noise {unknown}
 s - a scroll of enchant armour {unknown}
 u - a scroll of amnesia {unknown}
 y - a scroll of magic mapping {unknown}
 z - 2 scrolls of teleportation {unknown}
 E - a scroll of enchant weapon {unknown}
Potions
 c - a potion of degeneration {unknown}
 j - a potion of flight {unknown}
 l - a potion of cancellation {unknown}
 m - a potion of magic {unknown}
 B - a potion of curing {unknown}
 C - a potion of might {unknown}
Comestibles
 x - 2 rations


   Skills:
 * Level 3.3 Dodging
 + Level 3.0 Stealth
 * Level 6.3 Spellcasting
 * Level 2.0 Conjurations
 + Level 1.3 Summonings
 + Level 1.1 Translocations


You had 4 spell levels left.
You knew the following spells:

 Your Spells              Type           Power        Failure   Level  Hunger
a - Magic Dart            Conj           ###.         3%          1    None
b - Blink                 Tloc           N/A          8%          2    None
c - Call Imp              Summ           ##......     7%          2    None
d - Conjure Flame         Conj/Fire      ##......     16%         3    None
e - Mephitic Cloud        Conj/Pois/Air  ##......     19%         3    None

Your spell library contained the following spells:

 Spells                   Type           Power        Failure   Level  Hunger
 Slow                     Hex            #.......     12%         2    None


Dungeon Overview and Level Annotations

Branches:
Dungeon (4/15)
 Temple: D:4-7

Altars:
Gozag
Kikubaaqudgha


Message History

Confirm with . or Enter, or press ? or * to list all spells.
A beastly little devil appears in a puff of flame.
The hound bites you.
* * * LOW HITPOINT WARNING * * *
You block the hound's attack. What are your orders? t - Shout!
Orders for allies: a - Attack new target. r - Retreat! s - Stop attacking. g - Guard the area. f - Follow me.
Anything else - Cancel.
Gang up on whom?
Press: ? - help, Dir - move target cursor, f - hound
Aim: a hound (lightly wounded) Attack!
The hound bites you.
* * * LOW HITPOINT WARNING * * *
Your crimson imp barely misses the hound.
The hound closely misses you. The hound bites you.
You die...

## .# .# .# ###### .#############
#....#
.#....#......#########.##.#
.+>...'......'5h@.....รท...#
.#....#......######<...##.#
..........#'#### #.....##.#####
...########....# #.....##.....#
..)........(...# #.....##..##.#
..[##########..###.....##..##.#
.))# #.................#
...###########.###########.######
........................^........


You could see a hound and a friendly crimson imp.

Vanquished Creatures
  2 adders
  An ooze (D:1)
  A dart slug (D:1)
  3 giant cockroaches
  12 goblins
  5 hobgoblins
  A jackal (D:1)
  7 kobolds
  A quokka (D:2)
  6 bats
  2 frilled lizards
  5 rats
46 creatures vanquished.

Vanquished Creatures (collateral kills)
  Robin (D:4)
  An adder (D:2)
  2 worms (D:2)
  A dart slug (D:3)
  A leopard gecko (D:2)
  3 orcs (D:3)
  4 bats (D:2)
  7 goblins
  2 hobgoblins
  2 jackals (D:1)
  A kobold (D:2)
  A frilled lizard (D:4)
  A rat (D:2)
27 creatures vanquished.

Grand Total: 73 creatures vanquished

Notes
Turn   | Place    | Note
-------+----------+-------------------------------------------
     0 | D:1      | DorianNounverber the Deep Elf Wizard began the quest for
                  | the Orb.
     0 | D:1      | Reached XP level 1. HP: 10/10 MP: 7/7
   226 | D:1      | Reached XP level 2. HP: 15/15 MP: 4/9
   392 | D:1      | Reached skill level 5 in Spellcasting
   460 | D:1      | Learned a level 2 spell: Blink
   463 | D:1      | Learned a level 2 spell: Call Imp
   694 | D:1      | Reached XP level 3. HP: 19/19 MP: 9/11
  1225 | D:2      | Found an ancient bone altar of Kikubaaqudgha.
  1386 | D:2      | Learned a level 3 spell: Conjure Flame
  1390 | D:2      | Learned a level 3 spell: Mephitic Cloud
  1846 | D:2      | Reached XP level 4. HP: 24/24 MP: 6/13
  1853 | D:2      | Reached skill level 6 in Spellcasting
  2272 | D:2      | Found an opulent altar of Gozag.
  2870 | D:4      | Noticed Robin
  2880 | D:4      | Killed Robin
  2907 | D:3      | Slain by a hound

Skill      XL: |  1  2  3  4 |
---------------+-------------+-----
Spellcasting   | 5 6 |  6.3
Dodging        | 3 |  3.3
Stealth        | 3 |  3.0
Conjurations   | 2 |  2.0
Summonings     | |  1.3
Translocations | |  1.1

Action                   |  1- 3 |  4- 6 || total
-------------------------+-------+-------++-------
 Cast: Magic Dart        |    88 |    22 ||   110
       Call Imp          |    13 |     9 ||    22
       Conjure Flame     |       |     1 ||     1
       Blink             |       |     1 ||     1
  Eat: Chunk             |     2 |     1 ||     3
       Ration            |       |     1 ||     1
Armor: Robe              |     2 |     1 ||     3
Dodge: Dodged            |    14 |     5 ||    19
Block: Other             |     9 |     6 ||    15
       Reflection        |     1 |       ||     1
